 Dungeon Crawl Stone Soup version 0.24.0-13-gcf9b319 (webtiles) character file.

Game seed: 2244355511413694471, levelgen mode: deterministic

1023 Fang the Skirmisher (level 8, -1/76 HPs)
             Began as a Gargoyle Berserker on Nov 14, 2019.
             Was a Believer of Trog.
             Slain by a mummy (4 damage)
             ... in an ossuary.
             The game lasted 00:04:13 (3548 turns).

Fang the Skirmisher (Gargoyle Berserker)            Turns: 3548, Time: 00:04:14

Health: -1/76      AC: 18    Str: 31    XL:     8   Next: 22%
Magic:  8/8        EV:  9    Int:  7    God:    Trog [**....]
Gold:   250        SH:  0    Dex:  9    Spells: 7/7 levels left

rFire    . . .     SeeInvis .   a - +0 hand axe
rCold    . . .     Gourm    .   (no shield)
rNeg     + . .     Faith    .   b - +0 plate armour
rPois    ∞         Spirit   .   (no helmet)
rElec    +         Reflect  .   (no cloak)
rCorr    .         Harm     .   (no gloves)
MR       .....                  (no boots)
Stlth    ..........             (no amulet)
HPRegen  0.22/turn              j - ring of attention (curse)
MPRegen  0.11/turn              n - +2 ring of strength

@: berserking, slowed, very slow
A: negative energy resistance 1, electricity resistance, unbreathing,
petrification resistance, rot immunity, AC +5
a: Berserk, Trog's Hand, Renounce Religion


You were in an ossuary.
You worshipped Trog.
Trog was pleased with you.
You were very hungry.

You visited 2 branches of the dungeon, and saw 6 of its levels.
You also visited: Ossuary.

You collected 250 gold pieces.

Inventory:

Hand Weapons
 a - a +0 hand axe (weapon)
Armour
 b - a +0 plate armour (worn)
Jewellery
 j - a cursed ring of attention (left hand)
 n - a +2 ring of strength (right hand)
 u - an uncursed amulet of guardian spirit {unknown}
Scrolls
 d - 2 scrolls of fear {unknown}
 e - 3 scrolls of teleportation {unknown}
 i - 4 scrolls of identify {unknown}
 k - 2 scrolls of enchant weapon {unknown}
 l - a scroll of random uselessness {unknown}
 p - a scroll of remove curse {unknown}
 r - a scroll of amnesia {unknown}
 s - a scroll of immolation {unknown}
 v - a scroll of enchant armour {unknown}
Potions
 f - a potion of resistance {unknown}
 g - 3 potions of heal wounds
 h - 4 potions of curing {unknown}
 m - a potion of magic {unknown}
 o - 2 potions of agility {unknown}
 q - 2 potions of lignification {unknown}
Comestibles
 c - 9 rations
 t - 2 chunks of flesh


   Skills:
 + Level 6.1 Fighting
 + Level 5.0 Axes
 + Level 5.5 Armour
 + Level 4.1 Dodging


You had 7 spell levels left.
You didn't know any spells.
Your spell library was empty.

Dungeon Overview and Level Annotations

Branches:
Dungeon (5/15)             Temple (1/1) D:4         Ossuary (1/1)

Altars:
Fedhas
Kikubaaqudgha
Xom
Beogh

Shops:
D:4 %

Annotations:
D:4 1 exclusion


Innate Abilities, Weirdness & Mutations

You are resistant to torment.
Your stone body is resilient. (AC +5)
You are immune to poison.
You resist negative energy. (rN+)
You are resistant to electric shocks. (rElec)
You can survive without breathing.
You are immune to petrification.
You are immune to rotting.


Message History

You hit the bog mummy. You hit the mummy. You barely miss the mummy.
The bog mummy hits you.
* * * LOW HITPOINT WARNING * * *
You completely miss the mummy.
The mummy is almost destroyed.
You closely miss the mummy. You hit the bog mummy.
You destroy the bog mummy!
Trog accepts your kill.
Trog appreciates your killing of a magic user.
Your Axes skill increases to level 5!
A bullfrog zombie comes into view.
The mummy hits you.
* * * LOW HITPOINT WARNING * * *
The mummy splashes around in the water.
Your unstable footing causes you to fumble your attack.
The mummy hits you!
* * * LOW HITPOINT WARNING * * *
Your unstable footing causes you to fumble your attack.
The mummy hits you.
You die...

## ## ##
≈##≈# Z#
≈≈≈# #P#.≈P#
+#'#+#M≈.#≈#
..Z.MZM@≈≈≈+
#'##Z##'##.#
#...# #.∩.#
#∩..# #####


You could see 3 mummies, 2 adder zombies, a bullfrog zombie and a centaur
zombie.

Vanquished Creatures
  Grinder (D:4)
  Duvessa (D:5)
  An ogre (D:4)
  A centaur (D:5)
  An elf skeleton (D:5)
  Dowan (D:5)
  A scorpion (D:5)
  A howler monkey (D:4)
  A crimson imp (D:5)
  2 orc priests (D:4)
  A hound (D:4)
  A centaur skeleton (D:4)
  An orc wizard (D:4)
  A human skeleton (D:5)
  2 mummies (Ossuary)
  6 adders
  A worm (D:5)
  2 dart slugs (D:3)
  3 leopard geckos
  An orc (D:4)
  A ball python (D:3)
  4 bats
  A giant cockroach (D:3)
  2 goblins (D:1)
  8 hobgoblins
  6 jackals
  A quokka (D:2)
  8 frilled lizards
  10 kobolds
  An orc skeleton (D:5)
  4 rats
76 creatures vanquished.

Notes
Turn   | Place    | Note
-------+----------+-------------------------------------------
     0 | D:1      | Fang the Gargoyle Berserker began the quest for the Orb.
     0 | D:1      | Reached XP level 1. HP: 14/14 MP: 1/1
   210 | D:1      | Reached XP level 2. HP: 18/19 MP: 2/2
   851 | D:2      | Reached XP level 3. HP: 22/23 MP: 3/3
  1200 | D:2      | Found a blossoming altar of Fedhas.
  1202 | D:2      | Found an ancient bone altar of Kikubaaqudgha.
  1483 | D:3      | Found a faded altar of an unknown god.
  1665 | D:3      | Reached ** piety under Trog
  1818 | D:3      | Reached XP level 4. HP: 29/29 MP: 4/4
  2196 | D:3      | Reached skill level 4 in Fighting
  2270 | D:4      | Noticed an ogre
  2271 | D:4      | Noticed Grinder
  2278 | D:4      | Killed an ogre
  2278 | D:4      | Reached XP level 5. HP: 27/34 MP: 5/5
  2287 | D:4      | Paralysed by Grinder for 5 turns
  2305 | D:4      | Paralysed by Grinder for 3 turns
  2325 | D:4      | Killed Grinder
  2325 | D:4      | Reached XP level 6. HP: 16/40 MP: 6/6
  2616 | D:4      | Found Kesmeux's Food Shop.
  2689 | D:4      | Reached skill level 5 in Fighting
  2708 | D:4      | Reached XP level 7. HP: 41/44 MP: 7/7
  2740 | D:4      | Found a staircase to the Ecumenical Temple.
  2756 | D:4      | Found a roughly hewn altar of Beogh.
  2802 | Temple   | Entered the Ecumenical Temple
  3317 | D:5      | Entered Level 5 of the Dungeon
  3317 | D:5      | Noticed Duvessa
  3317 | D:5      | Noticed Dowan
  3329 | D:5      | Killed Duvessa
  3330 | D:5      | Reached skill level 5 in Armour
  3332 | D:5      | Killed Dowan
  3397 | D:5      | Reached XP level 8. HP: 43/51 MP: 8/8
  3505 | D:5      | Found a sand-covered staircase.
  3519 | D:5      | Reached skill level 6 in Fighting
  3523 | Ossuary  | Entered an ossuary
  3546 | Ossuary  | Reached skill level 5 in Axes
  3547 | Ossuary  | HP: 3/76 [mummy (10)]
  3548 | Ossuary  | Slain by a mummy

Levels and vault maps discovered:
D:1:      beargit_arrival_greenhouse, layout_basic
D:2:      layout_basic, grunt_temple_overflow_growth_and_decay
D:3:      layout_basic, chequers_ecumenical_altar_simple_redux, first_ration
D:4:      layout_basic, minmay_temple_entry_offerings, serial_shops,
          nicolae_shop_trees, kennysheep_orc_chapel, uniq_grinder
D:5:      layout_cave_pools, nicolae_ossuary_entry_catacombs, uniq_duvessa
Temple:   nicolae_temple_elliptical
Ossuary:  ossuary_zaba_flooded

Skill      XL: |  1  2  3  4  5  6  7  8 |
---------------+-------------------------+-----
Axes           | 3 4 5 |  5.0
Dodging        | 2 3 4 |  4.1
Armour         | 3 4 5 |  5.5
Fighting       | 4 5 6 |  6.1

Action                   |  1- 3 |  4- 6 |  7- 9 || total
-------------------------+-------+-------+-------++-------
Melee: Hand axe          |   124 |    92 |   112 ||   328
Invok: Berserk           |       |     1 |     3 ||     4
       Trog's Hand       |       |     2 |       ||     2
  Eat: Chunk             |     3 |     5 |     4 ||    12
Armor: Animal skin       |    52 |       |       ||    52
       Chain mail        |    14 |       |       ||    14
       Plate armour      |       |    80 |    83 ||   163
Dodge: Dodged            |   113 |    27 |    43 ||   183
